 Dungeon Crawl Stone Soup version 0.30-a0-1116-gebefce21f7 (webtiles) character file.

Game seed: 15192388315397474815

707 Newt the Chucker (level 7, -1/54 HPs)
             Began as a Demonspawn Gladiator on Apr 21, 2023.
             Killed from afar by an orc wizard (5 damage)
             ... with a magic dart
             ... on level 4 of the Dungeon.
             The game lasted 00:06:14 (4704 turns).

Newt the Chucker (Demonspawn Gladiator)             Turns: 4704, Time: 00:06:14

Health: -1/54      AC: 10    Str: 21    XL:     7   Next: 40%
Magic:  16/16      EV: 14    Int:  9    God:
Gold:   238        SH:  0    Dex: 15    Spells: 6/6 levels left

rFire   . . .      SeeInvis .    t - +0 demon trident
rCold   . . .      Faith    .    (no shield)
rNeg    . . .      Spirit   .    l - +1 ring mail of the Garden {rPois Str+5}
rPois   +          Reflect  .    c - +0 helmet
rElec   .          Rampage  .    (cloak unavailable)
rCorr   .                        s - +1 pair of gloves
Will    .....                    j - +0 pair of boots
Stlth   +                        r - amulet of magic regeneration
HPRegen 0.29/turn                k - ring of magical power
MPRegen 0.70/turn                u - ring of flight

@: flying
A: repulsion field 1, magic regeneration, weakness stinger 3
a: no special abilities


You were on level 4 of the Dungeon.
You visited 1 branch of the dungeon, and saw 4 of its levels.
You also visited: Sewer.

You collected 238 gold pieces.

Inventory:

Hand Weapons
 a - a +0 rapier
 g - a +2 short sword of speed
 t - a +0 demon trident (weapon)
Missiles
 d - 5 throwing nets (quivered)
 e - a javelin
 h - 7 boomerangs
 m - 4 poisoned darts
Armour
 b - a +0 leather armour
 c - a +0 helmet (worn)
 j - a +0 pair of boots (worn)
 l - the +1 ring mail of the Garden (worn) {rPois Str+5}
   (You found it on level 3 of the Dungeon)

   Str:       It affects your strength (+5).
   rPois:     It protects you from poison.
 s - a +1 pair of gloves (worn)
Jewellery
 i - a ring of fire
 k - a ring of magical power (left hand)
 r - an amulet of magic regeneration (around neck)
 u - a ring of flight (right hand)
Potions
 f - 2 potions of flight
 n - 3 potions of heal wounds
 o - a potion of cancellation {unknown}
 p - a potion of mutation {unknown}
 q - a potion of resistance {unknown}


   Skills:
 - Level 4.0 Fighting
 - Level 2.6 Short Blades
 + Level 3.5 Polearms
 - Level 5.0 Throwing
 - Level 4.0 Dodging


You had 6 spell levels left.
You didn't know any spells.
Your spell library contained the following spells:

 Spells                   Type           Power      Damage    Failure   Level
 Magic Dart               Conj           0%         1d3       56%         1
 Necrotise                Necr           0%         1d4       56%         1
 Slow                     Hex            0%         N/A       56%         1
 Searing Ray              Conj           0%         2d4       71%         2
 Confusing Touch          Hex            0%         N/A       90%         3
 Ignite Poison            Fire/Tmut/Pois 0%         N/A       90%         3
 Vampiric Draining        Necr           0%         2d6       90%         3
 Animate Dead             Necr           0%         N/A       100%        4
 Fulminant Prism          Conj/Hex       0%         3d5       100%        4


Dungeon Overview and Level Annotations

Branches:
Dungeon (4/15)              Sewer (visited)
 Temple: D:4-7

Altars:

Annotations:
D:4 1 transporter, Sleet's ghost, amateur DsFi


Innate Abilities, Weirdness & Mutations

You are surrounded by a mild repulsion field. (EV +2)
You regenerate magic rapidly.
You have a sharp stinger which inflicts weakening toxins.


Message History

The orc barely misses you.
You hear some strange, mumbled words.
Something tries to affect you, but you resist.
You hear some strange, mumbled words.
A puff of flame appears from out of thin air!
The puff of flame hits you.
Something hits you but does no damage. x2
The orc barely misses you. The orc closely misses you.
You hit the orc.
The orc is severely wounded.
The orc hits you with a +0 short sword. Something hits you.
You hear some strange, mumbled words.
Something tries to affect you, but you resist.
Something hits you.
* * * LOW HITPOINT WARNING * * *
The orc closely misses you.
You barely miss the orc.
Your tail-slap misses the orc.
The orc is severely wounded.
The orc hits you but does no damage. Something hits you but does no damage.
You hear some strange, mumbled words.
A magic dart appears from out of thin air!
The magic dart hits you!
* * * LOW HITPOINT WARNING * * *
Something hits you but does no damage. The orc closely misses you.
Something hits you but does no damage.
Unknown command.
You hit the orc. You tail-slap the orc.
You kill the orc!
Something hits you.
* * * LOW HITPOINT WARNING * * *
Unknown command.
You feel more buoyant. Something hits you.
* * * LOW HITPOINT WARNING * * *
Something hits you.
* * * LOW HITPOINT WARNING * * *
Unknown command.
You hear some strange, mumbled words.
A magic dart appears from out of thin air!
The magic dart hits you.
You die...

..............# ........#
########......# #.......)#
...oyJl##.....# #........#
.#...#W8#.....# #........#
..#.#...#.....#####........#
........#..................#
...©...!#©.................#
.......(#........{)........#
.......@..........#
........{o........#
.....##+##........# ..##
#........# . #........#
#........# #........#
#........+ #........#


You could see an orc.

Vanquished Creatures
  Sigmund (D:2)
  A kobold brigand (Sewer)
  A scorpion (D:4)
  A jelly (D:4)
  An orc priest (D:3)
  Jessica (D:3)
  Terence (D:3)
  Ijyb (D:3)
  6 gnolls (D:3)
  7 adders
  A worm (D:2)
  2 dart slugs
  20 orcs
  6 bats
  9 endoplasms
  2 giant cockroaches (D:1)
  23 goblins
  24 hobgoblins (D:3)
  5 jackals
  16 kobolds
  3 quokkas
  8 ball pythons
  A frilled lizard (D:3)
  6 rats
  A spectral kobold (D:2)
148 creatures vanquished.

Vanquished Creatures (others)
  3 plants (D:2)
3 creatures vanquished.

Grand Total: 151 creatures vanquished

Notes
Turn   | Place    | Note
-------+----------+-------------------------------------------
     0 | D:1      | Newt the Demonspawn Gladiator began the quest for the Orb.
     0 | D:1      | Reached XP level 1. HP: 16/16 MP: 1/1
   221 | D:1      | Gained mutation: You have a small tail. [demonic ancestry]
   221 | D:1      | Reached XP level 2. HP: 18/23 MP: 2/2
  1072 | D:2      | Gained mutation: You have a tail ending in a sharp stinger.
                  | [demonic ancestry]
  1072 | D:2      | Reached XP level 3. HP: 30/30 MP: 3/3
  1072 | D:2      | Noticed Sigmund
  1245 | D:2      | Found a faded altar of an unknown god.
  1735 | D:2      | Killed Sigmund
  1736 | D:2      | Reached skill level 3 in Throwing
  1736 | D:2      | Gained mutation: You are surrounded by a mild repulsion
                  | field. (EV +2) [demonic ancestry]
  1736 | D:2      | Reached XP level 4. HP: 20/37 MP: 4/4
  1736 | D:2      | Gained mutation: You have a sharp stinger which inflicts
                  | weakening toxins. [demonic ancestry]
  1736 | D:2      | Reached XP level 5. HP: 22/42 MP: 5/5
  1895 | D:2      | Got the Commentary on the Adder and Malevolent Spells
  2044 | D:3      | Gained mutation: You regenerate magic rapidly. [demonic
                  | ancestry]
  2044 | D:3      | Reached XP level 6. HP: 28/48 MP: 6/6
  2132 | D:3      | Noticed Jessica
  2146 | D:3      | Killed Jessica
  2147 | D:3      | Reached skill level 4 in Throwing
  2299 | D:3      | Found a glowing drain.
  2311 | Sewer    | Entered a sewer
  2830 | D:3      | Noticed Ijyb
  2835 | D:3      | Noticed Terence
  3255 | D:3      | Killed Terence
  3256 | D:3      | Reached skill level 5 in Throwing
  3420 | D:3      | Identified the +1 ring mail of the Garden {rPois Str+5}
  3521 | D:3      | Reached skill level 1 in Polearms
  3623 | D:3      | Reached XP level 7. HP: 51/54 MP: 7/7
  3897 | D:3      | Killed Ijyb
  4569 | D:4      | Noticed Sleet's ghost (amateur DsFi)
  4570 | D:4      | Noticed a hornet
  4571 | D:4      | Found a transporter.
  4704 | D:4      | Killed from afar by an orc wizard

Illustrated notes

Levels and vault maps discovered:
D:1:      dpeg_arrival_tiny_a, layout_basic, kennysheep_boxes
D:2:      layout_rooms, dreamdust_ecumenical_altar_drowned_temple,
          minmay_shallow_snake_nest, uniq_sigmund
D:3:      minmay_goblin_kobold_castle, layout_rooms, portal_sewer_entry_d,
          grunt_ministairs_5, uniq_terence, uniq_ijyb, uniq_jessica
D:4:      layout_gridville, mainiacjoe_overflow_alcove_4, gammafunk_ghost_arena,
          kennysheep_nub

Skill      XL: |  1  2  3  4  5  6  7 |
---------------+----------------------+-----
Fighting       | 3 4 |  4.0
Dodging        | 4 |  4.0
Throwing       | 3 5 |  5.0
Polearms       | 1 3 |  3.5
Short Blades   | |  2.6

Action                     |  1- 3 |  4- 6 |  7- 9 || total
---------------------------+-------+-------+-------++-------
  Melee: Rapier            |    26 |       |       ||    26
         Short sword       |   130 |    64 |       ||   194
         Tailslap          |    18 |    18 |    11 ||    47
         Punch             |     2 |     2 |     1 ||     5
         Demon trident     |       |   124 |   112 ||   236
  Throw: Javelin           |       |     1 |       ||     1
    Use: Scroll            |     4 |     5 |     1 ||    10
         Potion            |     1 |     3 |     1 ||     5
   Stab: Sleeping          |     2 |       |       ||     2
 Armour: Leather armour    |    30 |    30 |       ||    60
         Ring mail         |       |    19 |    62 ||    81
  Dodge: Dodged            |    74 |   151 |   111 ||   336

Table legend: (Time is in decaauts)
 A = Elapsed time spent in this place.
 B = Non-inter-level travel time spent in this place.
 C = Inter-level travel time spent in this place.
 D = Time resting spent in this place.
 E = Time spent auto-exploring this place.
 F = Levels seen in this place.
 G = Mean time per level.
                   A        B        C        D        E       F      G
               +--------+--------+--------+--------+--------+-----+--------+
         Total |   4741 |   4639 |    102 |   1384 |   2188 |   5 |  948.2 |
       Dungeon |   4191 |   4089 |    102 |   1038 |   2052 |   4 | 1047.8 |
         Sewer |    550 |    550 |      0 |    346 |    136 |   1 |  550.0 |
               +--------+--------+--------+--------+--------+-----+--------+

Top non-repeatable levels by time:
     D:3: 1941 daAuts
     D:1: 1244 daAuts
     D:2: 713 daAuts
   Sewer: 550 daAuts
     D:4: 292 daAuts
